 Dungeon Crawl Stone Soup version 0.21.0-3-g78d12a8 (webtiles) character file.

5003 negitausen the Cleaver (level 10, -26/90 HPs)
             Began as a Minotaur Berserker on Jan 13, 2018.
             Was a High Priest of Trog.
             Annihilated by an orc knight
             ... wielding a +0 glaive
              (29 damage)
             ... in a bailey.
             The game lasted 00:46:10 (5214 turns).

negitausen the Cleaver (Minotaur Berserker)         Turns: 5214, Time: 00:46:11

Health: -26/90     AC: 17    Str: 26    XL:     10   Next: 29%
Magic:  9/9        EV:  8    Int:  4    God:    Trog [*****.]
Gold:   511        SH:  0    Dex:  9    Spells: 9/9 levels left

rFire    + . .     SeeInvis +   Q - +2 battleaxe (freeze)
rCold    . . .     Gourm    .   (shield currently unavailable)
rNeg     . . .     Faith    .   s - +0 plate armour
rPois    .         Spirit   .   (helmet restricted)
rElec    .         Reflect  .   j - +0 cloak
rCorr    .         Harm     .   (no gloves)
MR       .....                  (no boots)
Stlth    ..........             k - amulet of rage
HPRegen  0.25/turn              g - ring of see invisible
MPRegen  0.11/turn              O - ring of protection from fire

@: berserk cooldown, slowed, very slow
A: retaliatory headbutt, hooves 1, horns 2, icy blue scales 1, clumsy 1, strong
1
a: Berserk, Trog's Hand, Brothers in Arms, Burn Spellbooks, Renounce Religion,
Evoke Berserk Rage


You were in a bailey.
You worshipped Trog.
Trog was extremely pleased with you.
You were very hungry.

You visited 1 branch of the dungeon, and saw 8 of its levels.
You also visited: Ossuary and Bailey.

You collected 511 gold pieces.

Inventory:

Hand Weapons
 a - a +1 hand axe
 f - a +1 mace of protection
 h - a +0 hunting sling
 v - a +0 war axe
 x - a +1 flail of crushing
 E - a +0 morningstar
 J - the +9 shortbow of the Magi {flame, rElec rN+ Int-3 Dex+3, unknown}
   (You found it on level 8 of the Dungeon)

   It causes projectiles fired from it to burn those they strike, causing extra
   injury to most foes and up to half again as much damage against particularly
   susceptible opponents.
   It affects your intelligence (-3).
   It affects your dexterity (+3).
   It insulates you from electricity.
   It protects you from negative energy.
 K - a +3 antimagic battleaxe
 Q - a +2 battleaxe of freezing (weapon)
Missiles
 o - 133 stones
 t - 4 tomahawks (quivered)
 u - 29 sling bullets
 C - a poisoned needle
Armour
 b - a +0 animal skin
 d - a +1 scale mail
 j - a +0 cloak (worn)
 r - a +2 leather armour of fire resistance
 s - a +0 plate armour (worn)
 I - a +0 troll leather armour
Jewellery
 g - a ring of see invisible (left hand)
 k - an amulet of rage (around neck)
 O - a ring of protection from fire (right hand)
Wands
 p - a wand of disintegration (14)
 w - a wand of acid (3)
 z - a wand of flame (30)
 L - a wand of iceblast (11)
 M - a wand of paralysis (8)
Scrolls
 i - 3 scrolls of enchant weapon
 l - 6 scrolls of remove curse
 m - 7 scrolls of identify
 n - 2 scrolls of amnesia
 y - a scroll of enchant armour
 A - a scroll of fear
 G - 2 scrolls of magic mapping
 H - a scroll of holy word
Potions
 e - 6 potions of flight
 q - 4 potions of curing
 B - a potion of berserk rage
 F - a potion of invisibility
 N - 3 potions of might
Comestibles
 c - 10 rations


   Skills:
 * Level 8.7 Fighting
 + Level 13.8 Axes
 + Level 1.8 Throwing
 + Level 8.4 Armour
 + Level 2.5 Dodging
 + Level 0.2 Stealth


You had 9 spell levels left.
You didn't know any spells.

Dungeon Overview and Level Annotations

Branches:
Dungeon (8/15)             Temple (0/1) D:4
   Lair: D:8-11

Altars:
Makhleb
The Shining One


Innate Abilities, Weirdness & Mutations

You reflexively headbutt those who attack you in melee.
You have a pair of horns on your head.
You have large cloven feet.
You are partially covered in icy blue scales. (AC +2)
You are clumsy. (Dex -2)
Your muscles are strong. (Str +2)


Message History

The orc goes into a battle-frenzy!
You slice the orc knight!! You freeze the orc knight! You kick the orc knight.
The orc knight is heavily wounded.
You closely miss the orc. You slice the orc!! You freeze the orc.
You kill the orc!
The orc's corpse dissolves into shadows!
You are no longer berserk.
You are exhausted.
You feel yourself slow down. The orc barely misses you.
You furiously retaliate!
You headbutt the orc.
You feel much better.
The orc dissolves into shadows!
The orc knight hits you with a glaive!
* * * LOW HITPOINT WARNING * * *
You slash the orc knight! You freeze the orc knight.
Your kick misses the orc knight.
The orc knight is severely wounded.
The orc knight hits you with a glaive!
* * * LOW HITPOINT WARNING * * *
The orc knight hits you with a glaive!!
You die...

##.....##
###'###
#...#
#...#
#...#
#...#
###)###
##)))).##
#.))@)..#
#...o...#
#.......#
#.......#
#.......#
##.....##
##'''##
#.....#
#.....#


You could see an orc knight.

Vanquished Creatures
  The ghost of Amon001 the Shield-Bearer, a novice GnFi of Makhleb (D:8)
  An orc knight (Bailey)
  Grinder (D:4)
  Sigmund (D:5)
  A steam dragon (D:8)
  Edmund (D:5)
  Duvessa (D:5)
  A sky beast (D:7)
  8 orc warriors (Bailey)
  A black bear (D:7)
  2 centaurs
  An elf zombie (Ossuary)
  Blork the orc (D:5)
  4 bullfrogs
  A wyvern zombie (D:7)
  A scorpion (D:8)
  Dowan (D:5)
  7 killer bees (D:8)
  A crimson imp (D:6)
  A centaur zombie (D:8)
  A bullfrog zombie (D:5)
  2 hounds
  A quasit (D:6)
  A jelly (D:4)
  5 orc priests
  7 orc wizards
  Crazy Yiuf (D:5)
  A bullfrog skeleton (D:4)
  3 iguanas
  5 worker ants
  A killer bee zombie (D:6)
  3 big kobold zombies (Ossuary)
  2 hound zombies
  3 mummies
  6 adders
  An ooze (D:4)
  2 adder skeletons (D:4)
  3 adder zombies (Ossuary)
  3 worms (D:2)
  7 leopard geckos
  68 orcs
  A ball python (D:1)
  4 bats
  6 giant cockroaches
  8 goblins
  8 hobgoblins
  3 jackals (D:4)
  3 quokkas
  3 frilled lizards
  A goblin zombie (Ossuary)
  8 hobgoblin zombies (Ossuary)
  A jackal zombie (D:5)
  3 kobolds
  14 kobold zombies (Ossuary)
  5 orc zombies (Ossuary)
  A quokka skeleton (D:4)
  9 rats
  A rat zombie (Ossuary)
242 creatures vanquished.

Vanquished Creatures (collateral kills)
  A queen bee (D:8)
  A centaur (D:8)
  7 killer bees (D:8)
9 creatures vanquished.

Vanquished Creatures (others)
  2 goblins (D:8)
2 creatures vanquished.

Grand Total: 253 creatures vanquished

Notes
Turn   | Place    | Note
-------+----------+-------------------------------------------
     0 | D:1      | negitausen the Minotaur Berserker began the quest for the Orb.
     0 | D:1      | Reached XP level 1. HP: 19/19 MP: 0/0
   144 | D:1      | Reached XP level 2. HP: 24/27 MP: 1/1
   181 | D:1      | Reached skill level 4 in Axes
   528 | D:2      | Reached XP level 3. HP: 31/33 MP: 2/2
   585 | D:2      | Found a burning altar of Makhleb.
   675 | D:2      | Reached ** piety under Trog
   764 | D:2      | Reached skill level 5 in Axes
  1063 | D:3      | Reached XP level 4. HP: 33/40 MP: 3/3
  1552 | D:4      | Reached skill level 6 in Axes
  1608 | D:4      | Reached XP level 5. HP: 42/46 MP: 4/4
  1643 | D:4      | Found a staircase to the Ecumenical Temple.
  1716 | D:4      | Reached *** piety under Trog
  1780 | D:4      | Gained mutation: Your muscles are strong. (Str +2) [potion of mutation]
  1780 | D:4      | Gained mutation: You are clumsy. (Dex -2) [potion of mutation]
  1780 | D:4      | Gained mutation: You are partially covered in icy blue scales. (AC +2) [potion of mutation]
  1780 | D:4      | Gained mutation: You have large cloven feet. [potion of mutation]
  1959 | D:4      | Reached skill level 7 in Axes
  1959 | D:4      | Reached XP level 6. HP: 48/53 MP: 5/5
  2065 | D:4      | Noticed Grinder
  2072 | D:4      | Killed Grinder
  2072 | D:4      | Reached skill level 8 in Axes
  2104 | D:5      | Entered Level 5 of the Dungeon
  2123 | D:5      | Reached XP level 7. HP: 60/60 MP: 6/6
  2278 | D:5      | Noticed Sigmund
  2287 | D:5      | Killed Sigmund
  2287 | D:5      | Reached skill level 9 in Axes
  2287 | D:5      | Reached skill level 5 in Armour
  2373 | D:5      | Noticed Edmund
  2388 | D:5      | Killed Edmund
  2388 | D:5      | Reached skill level 5 in Fighting
  2388 | D:5      | Reached XP level 8. HP: 59/68 MP: 7/7
  2418 | D:5      | Noticed Blork the orc
  2429 | D:5      | Killed Blork the orc
  2429 | D:5      | Reached skill level 10 in Axes
  2532 | D:5      | Found a runed door.
  2536 | D:5      | Noticed Crazy Yiuf
  2541 | D:5      | Killed Crazy Yiuf
  2607 | D:5      | Found a glowing golden altar of the Shining One.
  2609 | D:5      | Noticed Dowan
  2613 | D:5      | Noticed Duvessa
  2628 | D:5      | Killed Dowan
  2628 | D:5      | Reached **** piety under Trog
  2639 | D:5      | Killed Duvessa
  3130 | D:6      | Reached skill level 1 in Throwing
  3183 | D:6      | Reached skill level 11 in Axes
  3503 | D:7      | Found a sand-covered staircase.
  3513 | Ossuary  | Entered an ossuary
  3568 | Ossuary  | Reached ***** piety under Trog
  3814 | D:7      | Reached XP level 9. HP: 69/75 MP: 8/8
  3896 | D:7      | Reached skill level 12 in Axes
  3995 | D:7      | Received a gift from Trog
  4182 | D:8      | Noticed Amon001's ghost (novice GnFi)
  4194 | D:8      | Killed Amon001's ghost
  4241 | D:8      | Got a scorched shortbow
  4247 | D:8      | Reached skill level 13 in Axes
  4284 | D:8      | Noticed a two-headed ogre
  4296 | D:8      | Noticed a queen bee
  4319 | D:8      | Killed a queen bee
  4397 | D:8      | HP: 6/121 [steam dragon/ball of steam (11)]
  4399 | D:8      | Reached XP level 10. HP: 4/88 MP: 3/9
  4416 | D:8      | Found a flagged portal.
  4422 | Bailey   | Entered a bailey
  4893 | Bailey   | Identified a scroll of acquirement
  4914 | Bailey   | Received a gift from Trog
  5167 | Bailey   | Noticed an orc knight
  5171 | Bailey   | Noticed an orc knight
  5209 | Bailey   | Killed an orc knight
  5210 | Bailey   | HP: 6/135 [orc knight/glaive (31)]
  5214 | Bailey   | Annihilated by an orc knight

Skill      XL: |  1  2  3  4  5  6  7  8  9 10 |
---------------+-------------------------------+-----
Fighting       | 4 5 8 |  8.7
Axes           | 4 5 6 7 8 9 11 13 | 13.8
Armour         | 3 4 5 6 7 8 |  8.4
Throwing       | 1 |  1.8
Dodging        | |  2.5
Stealth        | |  0.2

Action                   |  1- 3 |  4- 6 |  7- 9 | 10-12 || total
-------------------------+-------+-------+-------+-------++-------
Melee: Hand axe          |    87 |    83 |       |       ||   170
       Headbutt          |    16 |    17 |    55 |     9 ||    97
       War axe           |       |    13 |   271 |       ||   284
       Kick              |       |     3 |    83 |    14 ||   100
       Battleaxe         |       |       |    50 |    54 ||   104
Throw: Tomahawk          |       |       |     5 |       ||     5
       Stone             |       |       |     3 |       ||     3
Invok: Burn Spellbooks   |     1 |       |     2 |       ||     3
       Berserk           |       |       |     4 |     1 ||     5
       Trog's Hand       |       |       |     2 |       ||     2
       Brothers in Arms  |       |       |     1 |     1 ||     2
  Use: Scroll            |     8 |     3 |     7 |     4 ||    22
       Potion            |     4 |     3 |     4 |     3 ||    14
  Eat: Chunk             |     1 |     3 |     8 |       ||    12
       Ration            |       |       |     1 |     1 ||     2
Armor: Scale mail        |    34 |     1 |       |       ||    35
       Plate armour      |       |    47 |   201 |    79 ||   327
Dodge: Dodged            |    42 |    22 |   124 |    68 ||   256
